 Dungeon Sprint DCSS version 0.27.1-2-g3b301248ec (webtiles) character file.

Game seed: 1099248813125224032

263 boopmooplesden the Protected (level 5, 0/56 HPs)
             Began as a Minotaur Fighter on Sept 22, 2021.
             Slain by a neqoxec (6 damage)
             ... in the Dungeon (Sprint II: "The Violet Keep of Menkaure").
             The game lasted 00:00:22 (18 turns).

boopmooplesden the Protected (Minotaur Fighter)       Turns: 18, Time: 00:00:23

Health: 0/56       AC:  8    Str: 21    XL:     5   Next: 97%
Magic:  3/3        EV:  8    Int:  5    God:
Gold:   0          SH: 11    Dex: 10    Spells: 4/4 levels left

rFire    . . .     SeeInvis .   a - +0 war axe
rCold    . . .     Faith    .   c - +0 kite shield
rNeg     . . .     Spirit   .   b - +0 scale mail
rPois    .         Reflect  .   (helmet restricted)
rElec    .         Harm     .   (no cloak)
rCorr    .         Rampage  .   (no gloves)
Will     +....     Rnd*Rage +   (no boots) Stlth ..........NoTele +
                                (no amulet)
HPRegen  0.00/turn              (no ring)
MPRegen  0.08/turn              (no ring)

@: on berserk cooldown, inhibited regen, slowed, lost intelligence, very slow
A: horns 2, retaliatory headbutt, berserk 1, low mp 1, strong-willed 1,
inhibited regeneration
a: no special abilities


You were in the Dungeon.
You visited 1 branch

Inventory:

Hand Weapons
 a - a +0 war axe (weapon)
Armour
 b - a +0 scale mail (worn)
 c - a +0 kite shield (worn)
Scrolls
 j - a scroll of blinking
Potions
 d - a potion of might
 e - a potion of curing
 f - a potion of heal wounds
 g - a potion of haste
 h - 2 potions of magic


   Skills:
 + Level 8.8 Fighting
 + Level 5.9 Axes
 + Level 9.1 Armour
 + Level 8.4 Shields


You had 4 spell levels left.
You didn't know any spells.
Your spell library was empty.

Dungeon Overview and Level Annotations

Branches:
Dungeon (1/1)

Altars:


Innate Abilities, Weirdness & Mutations

You have a pair of horns on your head.
You reflexively headbutt those who attack you in melee.
You tend to lose your temper in combat.
Your magical capacity is low. (-10% MP)
You are strong-willed. (Will+)
You do not regenerate when monsters are visible.


Message History

Something feeds on your intellect!
You miss the neqoxec.
The neqoxec is heavily wounded.
You are no longer berserk.
You are exhausted.
You feel yourself slow down. The neqoxec gestures at you.
Strange energies course through your body.
Your regeneration stops near monsters.
You block the neqoxec's attack.
You slash the neqoxec!
The neqoxec is severely wounded.
The neqoxec barely misses you. You block the neqoxec's attack.
You slash the neqoxec!
You kill the neqoxec!
You block the neqoxec's attack.
You feel your intelligence returning.
Your Fighting skill increases to level 8!
Your Axes skill increases to level 5!
Your Armour skill gained 2 levels and is now at level 9!
Your Shields skill increases to level 8!
You have reached level 5!
Unknown command.
You miss the neqoxec. The neqoxec gestures at you.
Strange energies course through your body.
You feel a little pissed off. You block the neqoxec's attack.
You hit the neqoxec.
The neqoxec is lightly wounded.
You block the neqoxec's attack. x2
You slash the neqoxec! You headbutt the neqoxec.
The neqoxec is heavily wounded.
The neqoxec barely misses you. You furiously retaliate!
You headbutt the neqoxec, but do no damage.
You block the neqoxec's attack.
You closely miss the neqoxec.
The neqoxec is heavily wounded.
You block the neqoxec's attack. The neqoxec hits you.
You die...

# #+# .#
##.##.#
+.<@33#
##.##..#
#+# .# #


You could see 2 neqoxecs.

Vanquished Creatures
  2 neqoxecs (D)
2 creatures vanquished.

Vanquished Creatures (others)
  A water moccasin (D)
1 creature vanquished.

Grand Total: 3 creatures vanquished

Notes
Turn   | Place    | Note
-------+----------+-------------------------------------------
     0 | D        | boopmooplesden the Minotaur Fighter began the quest for the
                  | Orb.
     0 | D        | Reached XP level 1. HP: 19/19 MP: 0/0
     1 | D        | Noticed a neqoxec
     1 | D        | Noticed a neqoxec
     1 | D        | Noticed a neqoxec
     1 | D        | Noticed a neqoxec
     4 | D        | Lost intelligence.
     8 | D        | Gained mutation: You are strong-willed. (Will+) [a neqoxec]
     9 | D        | Killed a neqoxec
     9 | D        | Gained mutation: Your magical capacity is low. (-10% MP) [a
                  | neqoxec]
    10 | D        | Reached skill level 7 in Armour
    10 | D        | Reached XP level 2. HP: 5/34 MP: 0/0
    10 | D        | Reached XP level 3. HP: 6/39 MP: 1/1
    10 | D        | Reached XP level 4. HP: 7/47 MP: 2/2
    12 | D        | Gained mutation: You do not regenerate when monsters are
                  | visible. [a neqoxec]
    14 | D        | Killed a neqoxec
    15 | D        | Reached skill level 5 in Axes
    15 | D        | Reached skill level 9 in Armour
    15 | D        | Reached XP level 5. HP: 6/56 MP: 3/3
    15 | D        | Gained mutation: You tend to lose your temper in combat. [a
                  | neqoxec]
    17 | D        | Killed a water moccasin
    18 | D        | Slain by a neqoxec

Illustrated notes

Levels and vault maps discovered:
D:        the_violet_keep_of_menkaure [sprint2_stairs_cluster_1,
          sprint2_shoproom, sprint2_temple, sprint2_basic_supplies,
          sprint2_obstacle_4, sprint2_obstacle_5, sprint2_obstacle_7,
          sprint2_obstacle_6, sprint2_obstacle_1, sprint2_timed_cluster_1,
          sprint2_smallroom_cluster_1, sprint2_smallroom_final_cluster_1,
          sprint2_transparent_cluster_1, sprint2_second_timed_cluster_1,
          sprint2_sniper_area_1, sprint2_heavy_combat_area_1,
          sprint2_mutation_trap_area_1, sprint2_forest_area_1,
          sprint2_light_combat_area_1, sprint2_behind_water_1,
          sprint2_near_end_vault_1]

Skill      XL: |  1  2  3  4 |
---------------+-------------+-----
Fighting       | 7 8 |  8.8
Axes           | 4 5 |  5.9
Armour         | 7 9 |  9.1
Shields        | 7 8 |  8.4

Action                   |  1- 3 |  4- 6 || total
-------------------------+-------+-------++-------
Melee: War axe           |     5 |     9 ||    14
       Headbutt          |     1 |     1 ||     2
  Use: Potion            |     1 |       ||     1
Dodge: Dodged            |     2 |     3 ||     5
Block: Kite shield       |       |     9 ||     9
